 Dungeon Crawl Stone Soup version 0.30.0-11-gf55b779eaf (webtiles) character file.

Game seed: 5376974511530518355

6339 shadowrider38 the Conjurer (level 10, -13/76 HPs)
             Began as a Demonspawn Cinder Acolyte on May 16, 2023.
             Was a Priest of Ignis.
             Mangled by a catoblepas (16 damage)
             ... while petrified by a catoblepas
             ... on level 8 of the Dungeon.
             The game lasted 00:29:10 (18028 turns).

shadowrider38 the Conjurer (DsCA)                  Turns: 18028, Time: 00:29:11

Health: -13/76     AC:  6    Str: 19    XL:     10   Next: 64%
Magic:  8/21       EV:  2    Int: 25    God:    Ignis [***...]
Gold:   892        SH:  0    Dex: 10    Spells: 9/23 levels left

rFire   + + .        a - +0 falchion (flame)
rCold   x . .        (no shield)
rNeg    + + +        b - +1 robe
rPois   ∞            (helmet restricted)
rElec   .            C - scarf of Fedhas's Envy {repulsion, Fly rCorr}
rCorr   +            (no gloves)
SInv    .            A - +2 pair of boots
Will    .....        (no amulet)
Stlth   +            r - ring of fire
HPRegen 0.32/turn    x - ring of Ruemalai {Str+5 Int+6}
MPRegen 0.17/turn

%: repel missiles
@: mighty, petrified, flying, very slightly contaminated
A: antennae 1, claws 2, powered by death 1, powered by pain 1
a: Renounce Religion, Fiery Armour, Foxfire Swarm, Rising Flame


You were on level 8 of the Dungeon.
You worshipped Ignis.
Ignis was most pleased with you.
You visited 2 branches of the dungeon, and saw 10 of its levels.
You also visited: Bailey.

You collected 892 gold pieces.

Inventory:

Hand Weapons
 a - a +0 falchion of flaming (weapon)
 G - a +4 scimitar
Missiles
 t - 17 boomerangs
 u - 5 silver boomerangs
 F - 2 curare-tipped darts
Armour
 b - a +1 robe (worn)
 h - a +0 cloak
 A - a +2 pair of boots (worn)
 C - the scarf of Fedhas's Envy (worn) {repulsion, Fly rCorr}
   (You acquired it on level 8 of the Dungeon)

   Fly:       It grants you flight.
   rCorr:     It protects you from acid and corrosion.
Jewellery
 r - a ring of fire (left claw)
 x - the ring of Ruemalai (right claw) {Str+5 Int+6}
   (You took it off a kobold in a bailey)

   [ring of intelligence]

   Str:       It affects your strength (+5).
   Int:       It affects your intelligence (+6).
 B - a +4 ring of protection
Wands
 q - a wand of light (14)
 I - a wand of iceblast (16)
 P - a wand of paralysis (1)
Scrolls
 c - a scroll of vulnerability {unknown}
 i - 2 scrolls of poison
 m - a scroll of acquirement
 n - a scroll of immolation {unknown}
 p - a scroll of amnesia {unknown}
 v - a scroll of brand weapon {unknown}
 z - a scroll of magic mapping {unknown}
 D - a scroll of fog {unknown}
Potions
 d - 4 potions of curing {unknown}
 e - a potion of resistance
 g - a potion of berserk rage
 j - a potion of cancellation
 k - 4 potions of heal wounds
 l - a potion of flight
 s - a potion of mutation
 w - 2 potions of lignification {unknown}
 E - a potion of attraction
 H - a potion of haste


   Skills:
 - Level 6.0 Fighting
 - Level 3.6 Long Blades
 + Level 7.4 Spellcasting
 + Level 7.6 Conjurations
 - Level 6.3 Translocations
 + Level 3.4 Transmutations
 - Level 6.3 Fire Magic


You had 9 spell levels left.
You knew the following spells:

 Your Spells              Type           Power      Damage    Failure   Level
a - Scorch                Fire           100%       2d9       1%          2
b - Volatile Blastmotes   Fire/Tloc      100%       2d18      1%          3
c - Iskenderun's Mystic   Conj/Tloc      44%        2d10      3%          4
r - Irradiate             Conj/Tmut      18%        3d17      19%         5

Your spell library contained the following spells:

 Spells                   Type           Power      Damage    Failure   Level
 Apportation              Tloc           80%        N/A       1%          1
 Shock                    Conj/Air       100%       1d9       1%          1
 Dazzling Flash           Conj/Hex       56%        N/A       4%          3
 Necrotise                Necr           36%        1d5       6%          1
 Summon Small Mammal      Summ           36%        N/A       6%          1
 Fulminant Prism          Conj/Hex       14%        3d8       13%         4
 Swiftness                Air            9%         N/A       19%         3
 Vampiric Draining        Necr           9%         2d6       19%         3
 Blade Hands              Tmut           13%        N/A       41%         5
 Starburst                Conj/Fire      30%        6d9       50%         6
 Airstrike                Air            4%         2d(1-17)  54%         4
 Agony                    Necr           9%         N/A       87%         5
 Lee's Rapid Deconstruct  Erth           4%         3d5*      87%         5
 Dragon Form              Tmut           13%        N/A       100%        7


Dungeon Overview and Level Annotations

Branches:
Dungeon (9/15)             Temple (1/1) D:6            Lair (0/5) D:8
 Bailey (visited)
    Orc: D:9-12

Altars:
Ashenzari
Cheibriados
Dithmenos
Fedhas
Hepliaklqana
Kikubaaqudgha
Makhleb
Nemelex Xobeh
Okawaru
Qazlal
Ru
Sif Muna
Trog
Uskayaw
Vehumet
Wu Jian
Xom
Yredelemnul

Shops:
D:2 [((   D:3 (

Annotations:
D:2 1 runed translucent door, Crazy Yiuf
D:3 3 runed translucent doors, bungle's ghost, amateur GnEE; pigah's ghost, weakling OpAE


Innate Abilities, Weirdness & Mutations

You have a pair of small antennae on your head.
You have very sharp fingernails.
You regenerate a little health from kills.
You sometimes gain a little power by taking damage.


Message History

The catoblepas is blasted with magical radiation!!
The catoblepas is heavily wounded.
You are engulfed in calcifying dust.
The catoblepas gores you!!
You focus on the pain.
You feel very mighty all of a sudden.
Okay, then.
Casting: Irradiate (quite dangerous; 19% risk of failure)
Confirm with . or Enter, or press ? or * to list all spells.
Okay, then.
Casting: Irradiate (quite dangerous; 19% risk of failure)
Confirm with . or Enter, or press ? or * to list all spells.
You erupt in a blast of force!
The mystic blast hits the catoblepas.
The catoblepas is heavily wounded.
The catoblepas is knocked back by the mystic blast.
The catoblepas slams into the rock wall!
The catoblepas is heavily wounded.
You are engulfed in calcifying dust.
You are slowing down.
The catoblepas gores you!!
Casting: Iskenderun's Mystic Blast (dangerous; 3% risk of failure)
Confirm with . or Enter, or press ? or * to list all spells.
You erupt in a blast of force!
The mystic blast hits the catoblepas!
The catoblepas is severely wounded.
The catoblepas is knocked back by the mystic blast.
The catoblepas slams into the rock wall!
You are engulfed in calcifying dust.
Your limbs have turned to stone.
The catoblepas breathes a plume of calcifying dust at you.
The blast of calcifying dust hits you.
* * * LOW HITPOINT WARNING * * *
You have turned to stone.
You are engulfed in calcifying dust.
The catoblepas is no longer more vulnerable to fire.
The catoblepas gores you.
* * * LOW HITPOINT WARNING * * *
The catoblepas breathes a plume of calcifying dust at you.
The blast of calcifying dust hits you.
* * * LOW HITPOINT WARNING * * *
You are engulfed in calcifying dust.
The catoblepas breathes a plume of calcifying dust at you.
The blast of calcifying dust hits you!
* * * LOW HITPOINT WARNING * * *
You are engulfed in calcifying dust.
The catoblepas gores you!!
* * * LOW HITPOINT WARNING * * *
You focus on the pain.
You feel your power returning.
You are engulfed in calcifying dust.
The catoblepas breathes a plume of calcifying dust at you.
The blast of calcifying dust hits you.
* * * LOW HITPOINT WARNING * * *
You are engulfed in calcifying dust.
The catoblepas gores you!!
You die...

# ### # ##Y## #
##@#.## #
##########§###.##
#######
######........§...##.#
#.....[
.......########.#.#.##
#.##### ......##
##...########.##
##.....# ##.##
#.......# ##....## #.#
#.####..# ...#.## #.#
#.####..# ####.# ##.##
#.##....#


You could see a catoblepas.

Vanquished Creatures
  An orc knight (Bailey)
  A wyvern (D:7)
  4 yaks (D:8)
  A steam dragon (D:8)
  Menkaure (D:5)
  A water moccasin (D:5)
  2 black bears
  11 orc warriors
  3 ice beasts
  3 ogres
  2 centaurs
  3 phantoms
  2 kobold brigands
  2 bullfrogs
  6 scorpions
  7 wights
  6 howler monkeys
  2 gnoll boudas
  6 jellies
  6 orc priests
  7 hounds
  2 sleepcaps
  7 iguanas
  8 orc wizards
  22 gnolls
  7 adders
  3 white imps
  2 ufetubi
  A worm (D:4)
  4 dart slugs
  52 orcs
  9 endoplasms
  3 giant cockroaches (D:1)
  4 goblins
  5 hobgoblins
  22 jackals
  A quokka (D:1)
  7 ball pythons
  5 bats
  2 frilled lizards
  29 kobolds
  4 rats (D:1)
276 creatures vanquished.

Vanquished Creatures (others)
  25 foxfires
25 creatures vanquished.

Grand Total: 301 creatures vanquished

Notes
Turn   | Place    | Note
-------+----------+-------------------------------------------
     0 | D:1      | shadowrider38 the Demonspawn Cinder Acolyte began the quest
                  | for the Orb.
     0 | D:1      | Reached XP level 1. HP: 18/18 MP: 2/2
   213 | D:1      | Discovered your monstrous ancestry.
   213 | D:1      | Gained mutation: You have sharp fingernails. [demonic
                  | ancestry]
   213 | D:1      | Reached XP level 2. HP: 24/24 MP: 3/3
   308 | D:1      | Learned a level 2 spell: Scorch
   424 | D:1      | Reached skill level 3 in Long Blades
   564 | D:1      | Reached skill level 3 in Fire Magic
   736 | D:1      | Reached XP level 3. HP: 19/29 MP: 0/5
  1354 | D:2      | Found Ipres's Antique Weapon Shop.
  1813 | D:2      | Found a runed translucent door.
  1814 | D:2      | Noticed Crazy Yiuf
  1893 | D:2      | Found Syoll's Antique Weapon Shop.
  1991 | D:2      | Found Suaczo's Armour Shop.
  2355 | D:3      | Found a runed translucent gate.
  2355 | D:3      | Found a runed translucent gate.
  2356 | D:3      | Found a runed translucent gate.
  2359 | D:3      | Noticed pigah's ghost (weakling OpAE)
  2359 | D:3      | Noticed bungle's ghost (amateur GnEE)
  2371 | D:3      | Gained mutation: You regenerate a little health from kills.
                  | [demonic ancestry]
  2371 | D:3      | Reached XP level 4. HP: 32/35 MP: 1/6
  2795 | D:3      | Learned a level 3 spell: Volatile Blastmotes
  3293 | D:3      | Noticed a phantom
  3401 | D:3      | Killed a phantom
  3402 | D:3      | Reached XP level 5. HP: 42/42 MP: 0/8
  3634 | D:3      | Found Cahuseap's Antique Weapon Emporium.
  3691 | D:3      | Found a sparkling altar of Nemelex Xobeh.
  4037 | D:3      | Reached skill level 3 in Spellcasting
  4037 | D:3      | Gained mutation: You have very sharp fingernails. [demonic
                  | ancestry]
  4037 | D:3      | Reached XP level 6. HP: 49/49 MP: 2/10
  5302 | D:3      | Gained mutation: You have a pair of small antennae on your
                  | head. [demonic ancestry]
  5302 | D:3      | Reached XP level 7. HP: 50/56 MP: 5/12
  6392 | D:4      | Reached skill level 6 in Fighting
  6392 | D:4      | Reached skill level 1 in Translocations
  7002 | D:4      | Found an iron altar of Okawaru.
  7954 | D:4      | Found a broken altar of Ashenzari.
  8151 | D:5      | Entered Level 5 of the Dungeon
  8251 | D:5      | Reached XP level 8. HP: 61/64 MP: 9/14
  8367 | D:5      | Identified the +2 robe of Ignis {Contam rN++ Dex+5}
  8466 | D:5      | Noticed Menkaure
  8474 | D:5      | Killed Menkaure
  8475 | D:5      | Reached skill level 3 in Translocations
  9121 | D:5      | Reached skill level 6 in Fire Magic
  9121 | D:5      | Reached skill level 1 in Conjurations
  9126 | D:5      | Learned a level 4 spell: Iskenderun's Mystic Blast
  9329 | D:5      | Reached skill level 3 in Conjurations
 10098 | D:5      | Gained mutation: You sometimes gain a little power by
                  | taking damage. [demonic ancestry]
 10098 | D:5      | Reached XP level 9. HP: 69/69 MP: 9/15
 10380 | D:5      | Found a snail-covered altar of Cheibriados.
 10380 | D:5      | Found a burning altar of Makhleb.
 11096 | D:6      | Found a staircase to the Ecumenical Temple.
 11105 | Temple   | Entered the Ecumenical Temple
 11896 | D:7      | HP: 2/69 [hound (3)]
 12311 | D:7      | Found a flagged portal.
 12321 | Bailey   | Entered a bailey
 12529 | Bailey   | Noticed an orc knight
 12543 | Bailey   | Identified the ring of Ruemalai {Str+5 Int+6}
 12880 | Bailey   | Reached skill level 6 in Spellcasting
 12880 | Bailey   | Reached skill level 6 in Translocations
 12917 | Bailey   | Reached skill level 6 in Conjurations
 13856 | Bailey   | Killed an orc knight
 13857 | Bailey   | Reached XP level 10. HP: 69/76 MP: 5/19
 14800 | D:7      | Reached skill level 1 in Transmutations
 15253 | D:8      | Found a staircase to the Lair.
 15527 | D:8      | Found an ornate altar of the Wu Jian Council.
 15997 | D:8      | Identified 2 scrolls of acquirement
 15997 | D:8      | Acquired the scarf of Fedhas's Envy {repulsion, Fly rCorr}
 16822 | D:8      | Learned a level 5 spell: Irradiate
 16885 | D:9      | Noticed a catoblepas
 16933 | D:8      | Reached skill level 3 in Transmutations
 18027 | D:8      | HP: 2/76 [catoblepas/blast of calcifying dust (2)]
 18028 | D:8      | Mangled by a catoblepas

Illustrated notes

Levels and vault maps discovered:
D:1:      shiori_shiawase, layout_basic, serial_rivers,
          chequers_serial_rivers_micro_e, chequers_serial_rivers_small_a,
          chequers_serial_rivers_room_a, chequers_serial_rivers_small_a,
          minmay_misc_feat_x, kennysheep_small_spiral, serial_bayou_lagoon_a,
          minmay_statues_item, minmay_pentomino_z2
D:2:      layout_basic, serial_shops, nicolae_shop_hallway_plus,
          nicolae_shop_real_fake_doors, nicolae_shop_overgrown_old_shop,
          uniq_crazy_yiuf_cottage
D:3:      lemuel_castle_with_subvaults [lemuel_castle_interior_carwin_1],
          layout_rooms, nemelex_diamond_rough_becter, gammafunk_ghost_cemetery,
          serial_shops, nicolae_diamond_shop, minmay_crystal_water
D:4:      layout_basic, nicolae_ashenzari_skybound, okawaru_gym_becter
D:5:      minmay_polygon_palace, layout_basic, gammafunk_temple_overflow_wave,
          minmay_misc_feat_ornament, uniq_menkaure
D:6:      layout_basic, minmay_temple_entry_water_ring, minivault_23
D:7:      layout_loops_ring, enter_bailey_2
D:8:      minmay_evil_eye, layout_loops_corners, nicolae_wu_jian_wuxing_cycle
D:9:      layout_long_grid, guppyfry_early_elven_hall
Temple:   hellmonk_temple_of_storms

Skill      XL: |  1  2  3  4  5  6  7  8  9 10 |
---------------+-------------------------------+-----
Long Blades    | 3 |  3.6
Fire Magic     | 3 4 5 6 |  6.3
Spellcasting   | 2 3 4 6 7 |  7.4
Fighting       | 4 5 6 |  6.0
Translocations | 2 4 6 |  6.3
Conjurations   | 3 6 7 |  7.6
Transmutations | 3 |  3.4

Action                     |  1- 3 |  4- 6 |  7- 9 | 10-12 || total
---------------------------+-------+-------+-------+-------++-------
  Melee: Falchion          |    90 |    51 |    81 |    27 ||   249
         Punch             |     1 |     1 |     1 |       ||     3
   Cast: Scorch            |    21 |    76 |   204 |    21 ||   322
         Volatile Blastmot |       |     3 |    47 |    36 ||    86
         Iskenderun's Myst |       |       |     4 |    22 ||    26
         Irradiate         |       |       |       |     1 ||     1
 Invoke: Fiery Armour      |       |     1 |     2 |       ||     3
         Foxfire Swarm     |       |       |     2 |       ||     2
  Evoke: Wand              |       |       |     7 |       ||     7
    Use: Scroll            |     2 |       |    11 |     6 ||    19
         Potion            |       |       |     5 |       ||     5
   Stab: Paralysed         |       |       |     6 |       ||     6
 Armour: Robe              |    26 |    26 |    33 |     8 ||    93
  Dodge: Dodged            |    74 |    71 |   113 |    45 ||   303
